 Dungeon Sprint DCSS version 0.27-a0-1308-gc08437e49b (webtiles) character file.

Game seed: 8948219938489776452

38453 mhtbhm the Sorcerer (level 13, -9/57 HPs)
             Began as a Spriggan Earth Elementalist on June 18, 2021.
             Was the Champion of Vehumet.
             Killed from afar by a salamander tyrant (46 damage)
             ... in the Dungeon (Sprint IX: "|||||||||||||||||||||||||||||").
             The game lasted 00:17:00 (8207 turns).

mhtbhm the Sorcerer (Spriggan Earth Elementalist)   Turns: 8207, Time: 00:17:01

Health: -9/57      AC:  8    Str:  4    XL:     13   Next: 63%
Magic:  22/43      EV: 25    Int: 29    God:    Vehumet [******]
Gold:   14         SH:  0    Dex: 16    Spells: 20/63 levels left

rFire    . . .     SeeInvis +   l - +2 scimitar (flame)
rCold    . . .     Faith    .   (shield restricted)
rNeg     . . .     Spirit   .   b - +0 steam dragon scales
rPois    +         Reflect  .   m - +1 hat {Will+}
rElec    .         Harm     .   u - +1 cloak {rPois}
rCorr    +         Rampage  .   (gloves unavailable)
Will     +++..     NoTele   +   (boots unavailable)
Stlth    ++++......             (no amulet)
HPRegen  0.19/turn              v - ring of Lady Luck {rCorr Int+6}
MPRegen  0.28/turn              w - ring of Epsoh {EV+4 Int+2}

@: weakened, very quick
A: very small, no large weapons, unfitting armour, see invisible, speed 3
a: Renounce Religion


You were in the Dungeon.
You worshipped Vehumet.
Vehumet was exalted by your worship.
You visited 1 branch You collected 1935 gold pieces.
You spent 1921 gold pieces at shops.

Inventory:

Hand Weapons
 l - a +2 scimitar of flaming (weapon)
 n - the +11 rapier of War {venom, rN++ Str+2 Int-5}
   (You found it in the Dungeon)

   It poisons the flesh of those it strikes.
   It affects your strength (+2).
   It affects your intelligence (-5).
   It greatly protects you from negative energy.
Missiles
 i - 49 stones
Armour
 b - +0 steam dragon scales (worn)
 m - a +1 hat of willpower (worn)
 u - a +1 cloak of poison resistance (worn)
Jewellery
 v - the ring of Lady Luck (left hand) {rCorr Int+6}
   (You bought it in a shop in the Dungeon)

   [ring of intelligence]

   It affects your intelligence (+6).
   It protects you from acid and corrosion.
 w - the ring of Epsoh (right hand) {EV+4 Int+2}
   (You bought it in a shop in the Dungeon)

   [ring of evasion]

   It affects your evasion (+4).
   It affects your intelligence (+2).
 y - a ring of protection from cold
Scrolls
 h - 2 scrolls of blinking
 j - 3 scrolls of amnesia
 q - a scroll of fear
 r - 2 scrolls of enchant armour
 s - 6 scrolls of enchant weapon
 t - a scroll of identify
 x - 2 scrolls of fog
Potions
 a - a potion of invisibility
 c - 5 potions of curing
 d - 2 potions of heal wounds
 e - 2 potions of haste
 f - 2 potions of magic
 g - 2 potions of berserk rage
 o - 2 potions of might
 p - 2 potions of brilliance


   Skills:
 + Level 1.2 Fighting
 + Level 1.1 Long Blades
 + Level 7.8 Dodging
 + Level 8.3 Stealth
 + Level 25.8 Spellcasting
 + Level 3.3 Conjurations
 + Level 11.1 Transmutations
 * Level 6.9 Fire Magic
 + Level 0.4 Air Magic
 + Level 20.7 Earth Magic
 + Level 1.0 Poison Magic
 + Level 3.2 Evocations


You had 20 spell levels left.
You knew the following spells:

 Your Spells              Type           Power      Damage    Failure   Level
a - Sandblast             Erth           100%       2d20      0%          1
b - Passwall              Tmut/Erth      76%        N/A       0%          2
c - Stone Arrow           Conj/Erth      100%       3d13      0%          3
d - Lee's Rapid Deconstr  Erth           51%        3d25*     0%          5
e - Petrify               Tmut/Erth      92%        N/A       0%          4
f - Mephitic Cloud        Conj/Pois/Air  46%        N/A       1%          3
g - Lehudib's Crystal Sp  Conj/Erth      41%        10d10     10%         8
h - Ignition              Fire           33%        3d10      54%         8
i - Fire Storm            Conj/Fire      30%        8d8       100%        9

Your spell library contained the following spells:

 Spells                   Type           Power      Damage    Failure   Level
 Sting                    Tmut/Pois      100%       1d8       1%          1
 Poisonous Vapours        Pois/Air       82%        N/A       1%          2
 Ignite Poison            Fire/Tmut/Pois 65%        N/A       1%          3
 Olgreb's Toxic Radiance  Pois           43%        N/A       1%          4


Dungeon Overview and Level Annotations

Branches:
Dungeon (1/1)

Altars:
Cheibriados
Dithmenos
Elyvilon
Fedhas
Gozag
Hepliaklqana
Kikubaaqudgha
Makhleb
Nemelex Xobeh
Okawaru
Qazlal
Ru
Sif Muna
Trog
Uskayaw
Vehumet
Wu Jian
Xom
Yredelemnul
Zin
The Shining One
Beogh
Jiyva
Lugonu

Shops:
D [[:=


Innate Abilities, Weirdness & Mutations

You are very small and have problems with some larger weapons.
You are too small for most types of armour.
You have supernaturally acute eyesight. (SInv)
You cover ground extremely quickly. (Speed+++)


Message History

An open door to the Snake Pit.
The stone door frame shatters!
The blast of rock fragments hits the naga warrior!!
The naga warrior is moderately wounded.
You hear an angry hiss.
Unknown command.
Unknown command.
Casting: Lee's Rapid Deconstruction (safe; 0% risk of failure)
Confirm with . or Enter, or press ? or * to list all spells.
Aiming: Lee's Rapid Deconstruction (safe; 0% risk of failure)
Press: ? - help, Dir - move target, p - naga warrior An open door to the Snake Pit.
The stone door frame shatters!
The blast of rock fragments hits the naga warrior!!!
The naga warrior is almost dead.
The naga sharpshooter casts a spell.
The naga sharpshooter magically shoots a bolt.
The bolt hits you!!
The naga warrior roars a battlecry!
The nagas go into a battle-frenzy!
Unknown command.
Casting: Lee's Rapid Deconstruction (safe; 0% risk of failure)
Confirm with . or Enter, or press ? or * to list all spells.
Aiming: Lee's Rapid Deconstruction (safe; 0% risk of failure)
Press: ? - help, Dir - move target An open door to the Snake Pit.
The stone door frame shatters!
The blast of rock fragments hits the naga warrior!!!
You kill the naga warrior!
Vehumet accepts your kill.
You feel your power returning.
You hear an angry hiss.
Unknown command.
Unknown command.
The salamander tyrant gazes fiercely through you!
You feel as though you will be weak longer.
The salamander tyrant rends the earth beneath you!
The blast of magma engulfs you!!!
Ouch! That really hurt!
You die...

▓▓▓▓▓▓▓♣♣♣♣♣♣♣♣♣♣▓▓▓▓▓▓▓▓▓▓▓▓▓
.NNN..'N.....@.)')........'...
▓▓▓▓▓▓▓▓▓▓♣♣♣♣♣♣♣♣♣♣▓▓▓▓▓▓▓▓▓▓▓▓▓
.........)..).).)...).†..........
▓▓▓▓▓▓▓▓▓▓▓▓▓▓▓▓▓▓▓▓▓▓▓▓▓▓▓▓▓▓▓▓▓
.('(...[.....[[[[[[[[.))).)))).==
▓▓▓▓▓▓▓▓▓▓▓▓▓▓▓▓▓▓▓▓▓▓▓▓▓▓▓▓▓▓▓▓▓
.........[...............[.......
▓▓▓▓▓▓▓▓▓▓▓▓▓▓▓▓▓▓▓▓▓▓▓▓▓▓▓▓▓▓▓▓▓
...)))..........))))))..))))).)).


You could see a salamander tyrant (strong).

Vanquished Creatures
  Saint Roka (D)
  Gastronok (D)
  A frost giant (D)
  A ghost moth (D)
  An entropy weaver (D)
  3 ettins (D)
  An eleionoma (D)
  A naga warrior (D)
  3 hydras (D)
  2 ice dragons (D)
  A boulder beetle (D)
  A ghost crab (D)
  6 ogre magi (D)
  2 centaur warriors (D)
  3 two-headed ogres (D)
  A tengu warrior (D)
  2 spriggan druids (D)
  A glowing orange brain (D)
  A deep elf pyromancer (D)
  2 orc knights (D)
  A wolf spider (D)
  An orb spider (D)
  2 ugly things (D)
  A will-o-the-wisp (D)
  3 black mambas (D)
  A torpor snail (D)
  3 cane toads (D)
  A yaktaur (D)
  2 unseen horrors (D)
  A jumping spider (D)
  A troll (D)
  A bloated husk (D)
  2 hornets (D)
  A polar bear (D)
  A dream sheep (D)
  A redback (D)
  2 tarantellas (D)
  3 yaks (D)
  Grum (D)
  A steam dragon (D)
  3 basilisks (D)
  2 vampire mosquitoes (D)
  3 wargs (D)
  2 hell hounds (D)
  3 water moccasins (D)
  11 orc warriors (D)
  6 ogres (D)
  6 wolves (D)
  A centaur (D)
  A bullfrog (D)
  3 orc priests (D)
  A gnoll shaman (D)
  8 orc wizards (D)
  8 orcs (D)
  A bat skeleton (D)
  A goblin (D)
  A hobgoblin (D)
  A jackal (D)
  A ball python (D)
  A ball python skeleton (D)
  A frilled lizard (D)
  A rat (D)
131 creatures vanquished.

Vanquished Creatures (others)
  A goliath frog (D)
  A giant cockroach zombie (D)
  2 foxfires (D)
4 creatures vanquished.

Grand Total: 135 creatures vanquished

Notes
Turn   | Place    | Note
-------+----------+-------------------------------------------
     0 | D        | mhtbhm the Spriggan Earth Elementalist began the quest for
                  | the Orb.
     0 | D        | Reached XP level 1. HP: 9/9 MP: 5/5
     8 | D        | Reached skill level 3 in Spellcasting
   165 | D        | Noticed a gnoll shaman
   165 | D        | Noticed an ogre
   176 | D        | Killed an ogre
   177 | D        | Reached skill level 5 in Spellcasting
   177 | D        | Reached XP level 2. HP: 13/13 MP: 0/9
   177 | D        | Reached XP level 3. HP: 16/16 MP: 0/11
   177 | D        | Reached XP level 4. HP: 21/21 MP: 0/12
   187 | D        | Reached skill level 6 in Spellcasting
   288 | D        | Found a snail-covered altar of Cheibriados.
   288 | D        | Found a shadowy altar of Dithmenos.
   288 | D        | Found a white marble altar of Elyvilon.
   288 | D        | Found a blossoming altar of Fedhas.
   288 | D        | Found an opulent altar of Gozag.
   289 | D        | Found a hazy altar of Hepliaklqana.
   290 | D        | Found a viscous altar of Jiyva.
   291 | D        | Found an ancient bone altar of Kikubaaqudgha.
   292 | D        | Found a corrupted altar of Lugonu.
   293 | D        | Found a burning altar of Makhleb.
   294 | D        | Found a sparkling altar of Nemelex Xobeh.
   295 | D        | Found an iron altar of Okawaru.
   296 | D        | Found a stormy altar of Qazlal.
   297 | D        | Found a sacrificial altar of Ru.
   298 | D        | Found a shimmering blue altar of Sif Muna.
   299 | D        | Found a bloodstained altar of Trog.
   300 | D        | Found a hide-covered altar of Uskayaw.
   301 | D        | Found a radiant altar of Vehumet.
   302 | D        | Found an ornate altar of the Wu Jian Council.
   303 | D        | Found a shimmering altar of Xom.
   304 | D        | Found a basalt altar of Yredelemnul.
   305 | D        | Found a glowing silver altar of Zin.
   306 | D        | Found a glowing golden altar of the Shining One.
   309 | D        | Became a worshipper of Vehumet
   344 | D        | Learned a level 2 spell: Passwall
   348 | D        | Learned a level 3 spell: Stone Arrow
   348 | D        | Noticed a centaur
   348 | D        | Noticed an unseen horror
   348 | D        | Noticed a steam dragon
   348 | D        | Noticed a hornet
   348 | D        | Noticed a vampire mosquito
   350 | D        | Killed a vampire mosquito
   351 | D        | Reached skill level 5 in Dodging
   351 | D        | Reached skill level 5 in Stealth
   351 | D        | Reached skill level 8 in Spellcasting
   351 | D        | Reached XP level 5. HP: 24/24 MP: 11/16
   371 | D        | Killed a hornet
   372 | D        | Reached skill level 10 in Spellcasting
   372 | D        | Reached XP level 6. HP: 18/28 MP: 4/20
   688 | D        | Learned a level 5 spell: Lee's Rapid Deconstruction
   693 | D        | Learned a level 4 spell: Petrify
   708 | D        | Killed a steam dragon
   708 | D        | Reached * piety under Vehumet
   708 | D        | Offered knowledge of Magic Dart by Vehumet.
   709 | D        | Reached skill level 11 in Spellcasting
   709 | D        | Reached skill level 10 in Earth Magic
   709 | D        | Reached XP level 7. HP: 32/32 MP: 2/22
   932 | D        | Killed an unseen horror
   933 | D        | Reached skill level 12 in Spellcasting
  1233 | D        | Noticed an unseen horror
  1233 | D        | Noticed a centaur warrior
  1233 | D        | Noticed a two-headed ogre
  1233 | D        | Noticed a basilisk
  1233 | D        | Noticed a tengu warrior
  1235 | D        | Offered knowledge of Shock by Vehumet.
  1235 | D        | Reached ** piety under Vehumet
  1237 | D        | Killed a basilisk
  1237 | D        | Killed a tengu warrior
  1238 | D        | Reached skill level 14 in Spellcasting
  1238 | D        | Reached skill level 5 in Transmutations
  1238 | D        | Reached XP level 8. HP: 37/37 MP: 10/27
  1239 | D        | Killed a two-headed ogre
  1240 | D        | Reached skill level 15 in Spellcasting
  1240 | D        | Reached XP level 9. HP: 40/40 MP: 2/29
  1537 | D        | Killed a centaur warrior
  1537 | D        | Offered knowledge of Mephitic Cloud by Vehumet.
  1537 | D        | Reached *** piety under Vehumet
  1542 | D        | Learned a level 3 spell: Mephitic Cloud
  1544 | D        | Killed an unseen horror
  1545 | D        | Reached skill level 16 in Spellcasting
  1769 | D        | Noticed a cane toad
  1769 | D        | Noticed a black mamba
  1769 | D        | Noticed a polar bear
  1772 | D        | Offered knowledge of Conjure Flame by Vehumet.
  1774 | D        | Noticed a cane toad
  1777 | D        | Killed a black mamba
  1777 | D        | Reached **** piety under Vehumet
  1777 | D        | Killed a polar bear
  1778 | D        | Reached XP level 10. HP: 44/44 MP: 7/31
  1784 | D        | Killed a cane toad
  1785 | D        | Reached skill level 17 in Spellcasting
  1922 | D        | Killed a cane toad
  1922 | D        | Reached ***** piety under Vehumet
  2060 | D        | Offered knowledge of Bolt of Magma by Vehumet.
  2077 | D        | Noticed a boulder beetle
  2093 | D        | Killed a boulder beetle
  2094 | D        | Reached skill level 18 in Spellcasting
  2094 | D        | Reached skill level 15 in Earth Magic
  2345 | D        | Noticed a cane toad
  2348 | D        | Offered knowledge of Iron Shot by Vehumet.
  2350 | D        | Noticed a black mamba
  2352 | D        | Killed a cane toad
  2353 | D        | Reached skill level 1 in Evocations
  2353 | D        | Noticed a torpor snail
  2354 | D        | Noticed a four-headed hydra
  2355 | D        | Killed a black mamba
  2552 | D        | Killed a torpor snail
  2552 | D        | Offered knowledge of Orb of Destruction by Vehumet.
  2553 | D        | Reached skill level 19 in Spellcasting
  2861 | D        | Killed a four-headed hydra
  3101 | D        | Reached XP level 11. HP: 48/48 MP: 29/35
  3109 | D        | Offered knowledge of Conjure Ball Lightning by Vehumet.
  3341 | D        | Noticed an orc knight
  3355 | D        | Killed an orc knight
  3365 | D        | Reached ****** piety under Vehumet
  3368 | D        | Offered knowledge of Freezing Cloud by Vehumet.
  3577 | D        | Reached skill level 20 in Spellcasting
  3723 | D        | Offered knowledge of Iskenderun's Battlesphere by Vehumet.
  4105 | D        | Found Fipt's Jewellery Boutique.
  4105 | D        | Noticed a two-headed ogre
  4105 | D        | Noticed an ogre mage
  4105 | D        | Noticed an ogre mage
  4105 | D        | Noticed an ogre mage
  4105 | D        | Noticed an ogre mage
  4107 | D        | Paralysed by an ogre mage for 3 turns
  4108 | D        | Noticed an ogre mage
  4110 | D        | Killed an ogre mage
  4110 | D        | Killed an ogre mage
  4110 | D        | Offered knowledge of Starburst by Vehumet.
  4112 | D        | Killed an ogre mage
  4113 | D        | Reached skill level 21 in Spellcasting
  4113 | D        | Killed an ogre mage
  4114 | D        | Killed a two-headed ogre
  4118 | D        | Killed an ogre mage
  4120 | D        | Reached skill level 1 in Fighting
  4122 | D        | Noticed an ogre mage
  4249 | D        | Killed an ogre mage
  4332 | D        | Offered knowledge of Ozocubu's Refrigeration by Vehumet.
  4475 | D        | Noticed a two-headed ogre
  4479 | D        | Killed a two-headed ogre
  4480 | D        | Reached skill level 22 in Spellcasting
  4480 | D        | Reached skill level 1 in Conjurations
  4480 | D        | Reached XP level 12. HP: 53/53 MP: 21/39
  4587 | D        | Found Katu Sab's Book Shop.
  4590 | D        | Found Zevotykh's Armour Boutique.
  4603 | D        | Found Luon's Antique Armour Shop.
  4760 | D        | Bought a runed cloak for 210 gold pieces
  4766 | D        | Bought the ring of Lady Luck {rCorr Int+6} for 995 gold
                  | pieces
  4766 | D        | Bought the ring of Epsoh {EV+4 Int+2} for 660 gold pieces
  4823 | D        | Noticed Grum
  4830 | D        | Killed Grum
  4884 | D        | Bought a +0 hat for 56 gold pieces
  5002 | D        | Noticed Gastronok
  5015 | D        | Killed Gastronok
  5268 | D        | Got the +11 rapier of War {venom, rN++ Str+2 Int-5}
  5313 | D        | Noticed a centaur warrior
  5316 | D        | Offered knowledge of Lehudib's Crystal Spear by Vehumet.
  5316 | D        | Offered knowledge of Fire Storm by Vehumet.
  5316 | D        | Offered knowledge of Ignition by Vehumet.
  5317 | D        | Killed a centaur warrior
  5325 | D        | Noticed an ice dragon
  5326 | D        | Reached skill level 23 in Spellcasting
  5599 | D        | Killed an ice dragon
  5600 | D        | Reached skill level 10 in Transmutations
  5630 | D        | Noticed an ettin
  5779 | D        | Killed an ettin
  5885 | D        | Learned a level 8 spell: Lehudib's Crystal Spear
  5894 | D        | Learned a level 8 spell: Ignition
  5904 | D        | Learned a level 9 spell: Fire Storm
  5909 | D        | Noticed an ice dragon
  5917 | D        | Killed an ice dragon
  5918 | D        | Reached skill level 1 in Fire Magic
  6118 | D        | Noticed an ettin
  6123 | D        | Killed an ettin
  6164 | D        | Noticed a frost giant
  6361 | D        | Killed a frost giant
  6362 | D        | Reached skill level 24 in Spellcasting
  6518 | D        | Noticed an ettin
  6523 | D        | Killed an ettin
  6524 | D        | Reached skill level 1 in Poison Magic
  6804 | D        | Noticed Saint Roka
  6846 | D        | Killed Saint Roka
  6847 | D        | Reached XP level 13. HP: 21/56 MP: 6/42
  7071 | D        | Noticed a ghost moth
  7076 | D        | Noticed an entropy weaver
  7251 | D        | Killed a ghost moth
  7252 | D        | Reached skill level 25 in Spellcasting
  7252 | D        | Reached skill level 5 in Fire Magic
  7433 | D        | Killed an entropy weaver
  7597 | D        | Noticed an eleionoma
  7601 | D        | Reached skill level 1 in Long Blades
  7601 | D        | Killed an eleionoma
  8207 | D        | Killed from afar by a salamander tyrant

Illustrated notes

Levels and vault maps discovered:
D:        linesprint [early_d, line_temple, items_1, d_10, items_2, lair_1,
          lair_end, items_3, orc_1, orc_end, items_4, d_15, swamp_1, shoals_1,
          snake_1, spider_1, d_20, vaults_1, items_5, swamp_end, shoals_end,
          snake_end, spider_end, vaults_end, d_27, items_6, zot_1, zot_end,
          crypt_end, forest_end, elf_end, slime_end, tomb_end, abyss_end,
          pan_hell_end]

Skill      XL: |  1  2  3  4  5  6  7  8  9 10 11 12 13 |
---------------+----------------------------------------+-----
Transmutations | 3 5 6 8 9 10 11 | 11.1
Earth Magic    | 6 8 9 10 12 13 14 16 18 20 | 20.7
Spellcasting   | 5 8 10 11 14 15 16 19 22 24 25 | 25.8
Dodging        | 4 5 6 7 |  7.8
Stealth        | 4 5 6 7 8 |  8.3
Evocations     | 1 2 3 |  3.2
Fighting       | 1 |  1.2
Conjurations   | 1 2 3 |  3.3
Fire Magic     | 4 6 |  6.9
Poison Magic   | 1 |  1.0
Long Blades    | 1 |  1.1
Air Magic      | |  0.4

Action                   |  1- 3 |  4- 6 |  7- 9 | 10-12 | 13-15 || total
-------------------------+-------+-------+-------+-------+-------++-------
Melee: Scimitar          |       |       |       |     8 |     8 ||    16
 Cast: Sandblast         |     9 |    16 |     1 |     5 |     2 ||    33
       Stone Arrow       |       |     1 |       |    25 |     2 ||    28
       Lee's Rapid Decon |       |     3 |    19 |   133 |    32 ||   187
       Petrify           |       |     1 |     4 |    45 |    12 ||    62
       Mephitic Cloud    |       |       |       |     6 |       ||     6
       Lehudib's Crystal |       |       |       |       |     1 ||     1
Evoke: Wand              |       |       |       |     8 |     2 ||    10
  Use: Potion            |       |     2 |       |     6 |     2 ||    10
       Scroll            |       |       |       |       |     1 ||     1
 Stab: Petrified         |       |       |       |     5 |       ||     5
Armor: Robe              |       |     1 |       |       |       ||     1
       Steam dragon scal |       |       |     1 |     5 |     8 ||    14
Dodge: Dodged            |     1 |    20 |     6 |    14 |    23 ||    64
       Rpst.: Scimitar   |       |     3 |       |     6 |     4 ||    13

Table legend: (Time is in decaauts)
 A = Elapsed time spent in this place.
 B = Non-inter-level travel time spent in this place.
 C = Inter-level travel time spent in this place.
 D = Time resting spent in this place.
 E = Time spent auto-exploring this place.
 F = Levels seen in this place.
 G = Mean time per level.
                   A        B        C        D        E       F      G
               +--------+--------+--------+--------+--------+-----+--------+
         Total |   7518 |   7518 |      0 |   5017 |   1381 |   1 | 7518.0 |
       Dungeon |   7518 |   7518 |      0 |   5017 |   1381 |   1 | 7518.0 |
               +--------+--------+--------+--------+--------+-----+--------+

Top non-repeatable levels by time:
       D: 7518 daAuts
